 Dungeon Crawl Stone Soup version 0.22-a0-834-g05cf915 (webtiles) character file.

107 BaronVonScrub the Conjurer (level 4, -2/24 HPs)
             Began as a Deep Elf Conjurer on July 25, 2018.
             Slain by a gnoll
             ... wielding a +0 flail
              (9 damage)
             ... on level 2 of the Dungeon.
             The game lasted 00:06:08 (2603 turns).

BaronVonScrub the Conjurer (Deep Elf Conjurer)      Turns: 2603, Time: 00:06:09

Health: -2/24      AC:  2    Str:  5    XL:     4   Next: 56%
Magic:  9/12       EV: 13    Int: 21    God:
Gold:   156        SH:  0    Dex: 15    Spells: 8/11 levels left

rFire    . . .     SeeInvis .   n - staff of wizardry (curse)
rCold    . . .     Gourm    .   (no shield)
rNeg     . . .     Faith    .   a - +0 robe
rPois    .         Spirit   .   (no helmet)
rElec    .         Reflect  .   (no cloak)
rCorr    .         Harm     .   (no gloves)
MR       .....                  (no boots)
Stlth    +++.......             (no amulet)
HPRegen  0.08/turn              f - ring of stealth
MPRegen  0.13/turn              (no ring)

@: no status effects
A: no striking features
a: no special abilities


You were on level 2 of the Dungeon.
You were not hungry.

You visited 1 branch of the dungeon, and saw 3 of its levels.

You collected 156 gold pieces.

Inventory:

Armour
 a - a +0 robe (worn)
Magical Staves
 m - an uncursed staff of poison
 n - a cursed staff of wizardry (weapon)
Jewellery
 f - a ring of stealth (left hand)
Wands
 j - a wand of random effects (25)
Scrolls
 d - 2 scrolls of remove curse
 h - a scroll of teleportation
Potions
 b - a potion of flight
Comestibles
 c - 6 rations


   Skills:
 * Level 0.3 Staves
 + Level 2.6 Dodging
 + Level 2.7 Stealth
 + Level 4.0 Spellcasting
 + Level 6.0 Conjurations


You had 8 spell levels left.
You knew the following spells:

 Your Spells              Type           Power        Failure   Level  Hunger
a - Magic Dart            Conj           ####         1%          1    None
b - Searing Ray           Conj           ####..       1%          2    #......

Your spell library contained the following spells:

 Spells                   Type           Power        Failure   Level  Hunger
 Iskenderun's Mystic Bla  Conj           ####....     4%          4    ####...
 Fulminant Prism          Conj/Hex       ###.......   14%         4    ####...
 Dazzling Spray           Conj/Hex       ###...       4%          3    ###....
 Force Lance              Conj/Tloc      ###.....     14%         4    ####...


Dungeon Overview and Level Annotations

Branches:
Dungeon (3/15)

Altars:
Elyvilon
Gozag
Nemelex Xobeh
Trog
Xom


Message History

Aim: a gnoll, wielding a flail The magic dart hits the gnoll.
The gnoll is moderately wounded.
Casting: Magic Dart (safe; 1% risk of failure)
Confirm with . or Enter, or press ? or * to list all spells.
Aiming: Magic Dart (safe; 1% risk of failure)
Press: ? - help, Shift-Dir - straight line, f/p - gnoll
Aim: a gnoll, wielding a flail (moderately wounded)
The magic dart hits the gnoll.
The gnoll is severely wounded.
The gnoll closely misses you.
Casting: Magic Dart (safe; 1% risk of failure)
Confirm with . or Enter, or press ? or * to list all spells.
Aiming: Magic Dart (safe; 1% risk of failure)
Press: ? - help, Shift-Dir - straight line, f/p - gnoll
Aim: a gnoll, wielding a flail (severely wounded)
The magic dart hits the gnoll.
The gnoll is almost dead.
The gnoll hits you with a flail!
You die...

#............
#..........##
#.........>#
#..........#
*#########.###
*##8###8##*#.##
###8..!8...8##..###
####.........##.....
#.#@........._#..##.
#.##g........##.....
#.##8...8...8##...#.
#.#*##8###8##*#.....
#.#############.....
#...................
####.#.....)........
#.#......##......
#........##......


You could see a gnoll.

Vanquished Creatures
  2 adders (D:2)
  2 gnolls (D:3)
  An ooze (D:2)
  4 worms
  A dart slug (D:2)
  6 bats
  4 giant cockroaches
  6 goblins
  3 hobgoblins (D:2)
  2 quokkas (D:2)
  A frilled lizard (D:2)
  9 kobolds
  12 rats
53 creatures vanquished.

Notes
Turn   | Place    | Note
-------+----------+-------------------------------------------
     0 | D:1      | BaronVonScrub the Deep Elf Conjurer began the quest for the Orb.
     0 | D:1      | Reached XP level 1. HP: 10/10 MP: 6/6
   205 | D:1      | Reached XP level 2. HP: 15/15 MP: 0/8
   383 | D:1      | Reached skill level 5 in Conjurations
   998 | D:2      | Found a sparkling altar of Nemelex Xobeh.
  1041 | D:2      | Reached XP level 3. HP: 19/19 MP: 1/9
  1618 | D:2      | Learned a level 2 spell: Searing Ray
  1681 | D:2      | Found an opulent altar of Gozag.
  1786 | D:2      | Found a white marble altar of Elyvilon.
  1947 | D:2      | Reached XP level 4. HP: 24/24 MP: 5/11
  2164 | D:3      | Found a shimmering altar of Xom.
  2290 | D:3      | Noticed a moth of wrath
  2292 | D:3      | Found a bloodstained altar of Trog.
  2426 | D:3      | Reached skill level 6 in Conjurations
  2603 | D:2      | Slain by a gnoll

Vault maps used:
D:1:      sevenhm_arrival_forest_fort_large_2, minmay_tromino_i4
D:2:      nicolae_gozag_cash_rules_everything_around_me, lemuel_round_altar,
          nicolae_overflow_hidden_temple, first_ration
D:3:      tgw_trog, lemuel_crystal_altar, st_stairs_8

Skill      XL: |  1  2  3  4 |
---------------+-------------+-----
Conjurations   | 5 6 |  6.0
Spellcasting   | 4 |  4.0
Staves         | |  0.3
Dodging        | |  2.6
Stealth        | |  2.7

Action                   |  1- 3 |  4- 6 || total
-------------------------+-------+-------++-------
Melee: Unarmed           |     6 |       ||     6
 Cast: Magic Dart        |    96 |    33 ||   129
  Use: Scroll            |       |     7 ||     7
       Potion            |       |     5 ||     5
  Eat: Chunk             |     3 |     2 ||     5
Armor: Robe              |       |     1 ||     1
Dodge: Dodged            |     8 |     7 ||    15

Table legend:
 A = Spawn XP
 B = Non-spawn XP
 C = Spawn XP percentage of total XP
 D = Spawn monster count
 E = Non-spawn monster count
 F = Spawn count percentage of total count
 G = Total turns spent on level
                    A         B        C        D         E        F      G
               +---------+---------+-------+---------+---------+-------+---------
         Total |       0 |     153 |   0.0 |       0 |      53 |   0.0 |  2603
               +---------+---------+-------+---------+---------+-------+---------
           D:1 |       0 |      25 |   0.0 |       0 |      18 |   0.0 |  1104
           D:2 |       0 |      84 |   0.0 |       0 |      24 |   0.0 |  1151
           D:3 |       0 |      44 |   0.0 |       0 |      11 |   0.0 |   348
               +---------+---------+-------+---------+---------+-------+---------
